 Dungeon Crawl Stone Soup version 0.23-a0-622-g59b4ea9c50 (webtiles) character file.

425 Adamkad1 the Sneak (level 6, -2/28 HPs)
             Began as a Spriggan Enchanter on Dec 24, 2018.
             Killed by nerve-wracking pain
             ... invoked by an orc priest
              (14 damage)
             ... on level 4 of the Dungeon.
             The game lasted 00:07:00 (3145 turns).

Adamkad1 the Sneak (Spriggan Enchanter)             Turns: 3145, Time: 00:07:00

Health: -2/28      AC:  3    Str:  4    XL:     6   Next: 64%
Magic:  5/13       EV: 21    Int: 17    God:
Gold:   119        SH:  0    Dex: 16    Spells: 5/14 levels left

rFire    + . .     SeeInvis +   a - +1 dagger
rCold    x . .     Gourm    .   (shield restricted)
rNeg     . . .     Faith    .   b - +1 robe
rPois    .         Spirit   .   (helmet restricted)
rElec    .         Reflect  .   (no cloak)
rCorr    .         Harm     .   (gloves unavailable)
MR       +....                  (boots unavailable)
Stlth    ++++......             (no amulet)
HPRegen  0.09/turn              c - ring of fire
MPRegen  0.13/turn              s - -2 ring of dexterity (curse)

@: very quick
A: very small, unfitting armour, see invisible, herbivore, speed 3, slow
metabolism 2
a: no special abilities


You were on level 4 of the Dungeon.
You were hungry.

You visited 1 branch of the dungeon, and saw 4 of its levels.

You collected 119 gold pieces.

Inventory:

Hand Weapons
 a - a +1 dagger (weapon)
 m - a +3 vampiric dagger
Armour
 b - a +1 robe (worn)
Jewellery
 c - a ring of fire (left hand)
 s - a cursed -2 ring of dexterity (right hand)
Scrolls
 e - a scroll of teleportation
 k - a scroll of blinking
 n - a scroll of identify
Potions
 i - 2 potions of curing
 j - a potion of invisibility {unknown}
 p - a potion of lignification {unknown}
 r - a potion of agility {unknown}
Comestibles
 d - 9 rations


   Skills:
 + Level 2.5 Short Blades
 * Level 5.4 Dodging
 * Level 6.9 Stealth
 * Level 4.6 Spellcasting
 * Level 5.3 Hexes
   Level 0.0 Invocations


You had 5 spell levels left.
You knew the following spells:

 Your Spells              Type           Power        Failure   Level  Hunger
a - Corona                Hex            ###....      1%          1    None
b - Ensorcelled Hibernat  Hex/Ice        ##....       8%          2    ##.....
c - Confuse               Hex            ###.....     4%          3    ###....
d - Dazzling Spray        Conj/Hex       ##....       14%         3    ###....

Your spell library contained the following spells:

 Spells                   Type           Power        Failure   Level  Hunger
 Tukima's Dance           Hex            ###.....     4%          3    ###....


Dungeon Overview and Level Annotations

Branches:
Dungeon (4/15)
 Temple: D:4-7

Altars:
Ashenzari
Cheibriados
Fedhas
Nemelex Xobeh
Qazlal
The Shining One


Innate Abilities, Weirdness & Mutations

You are very small and have problems with some larger weapons.
You are too small for most types of armour.
You have supernaturally acute eyesight. (SInv)
You are a herbivore.
You cover ground extremely quickly.
You need to consume almost no food.


Message History

Confirm with . or Enter, or press ? or * to list all spells.
Aiming: Confuse (safe; 4% risk of failure)
Press: ? - help, Shift-Dir - straight line, f - orc priest
Aim: an orc priest, wielding a +2 dagger of draining (hasn't noticed you, The orc priest shouts!
The orc priest resists with significant effort.
You hear a shout!
The orc priest invokes the aid of Beogh against you.
Beogh smites you!
Ouch! That really hurt!
Casting: Confuse (safe; 4% risk of failure)
Confirm with . or Enter, or press ? or * to list all spells.
Aiming: Confuse (safe; 4% risk of failure)
Press: ? - help, Shift-Dir - straight line, f/p - orc priest
Aim: an orc priest, wielding a +2 dagger of draining (chance to defeat MR: 51%)
The orc priest resists with significant effort.
The orc priest calls down the wrath of Beogh upon you.
Pain shoots through your body!
Ouch! That really hurt!
You die...

.# ###..# )..#.# .#
#≈ ⌠.#.# .# #≈≈
.#.##.#
≈≈≈≈###...#.#
.≈≈≈≈≈≈o[.....#
≈≈≈≈≈≈..@....# .
≈≈≈≈###..%..# #.
#≈≈#...#...(# #.⌠
#≈≈#.⌠.#....#
...#≈≈#...#....#.##
.###≈..≈###.....>...
.........).......###
....##).......#.#
...[####.######.#


You could see an orc priest.

Vanquished Creatures
  Grinder (D:3)
  An ogre (D:4)
  A centaur skeleton (D:4)
  An orc priest (D:4)
  3 adders
  2 worms (D:2)
  2 dart slugs (D:2)
  2 leopard geckos
  3 orcs (D:3)
  6 bats
  3 giant cockroaches
  6 hobgoblins
  2 quokkas
  4 frilled lizards
  4 goblins
  A jackal skeleton (D:4)
  8 kobolds
  A quokka skeleton (D:4)
  8 rats
59 creatures vanquished.

Vanquished Creatures (others)
  A ball python (D:3)
1 creature vanquished.

Grand Total: 60 creatures vanquished

Notes
Turn   | Place    | Note
-------+----------+-------------------------------------------
     0 | D:1      | Adamkad1 the Spriggan Enchanter began the quest for the
                  | Orb.
     0 | D:1      | Reached XP level 1. HP: 9/9 MP: 5/5
   790 | D:1      | Reached XP level 2. HP: 13/13 MP: 6/6
   797 | D:1      | Learned a level 2 spell: Ensorcelled Hibernation
   916 | D:2      | Reached skill level 5 in Stealth
  1217 | D:2      | Found a blossoming altar of Fedhas.
  1550 | D:2      | Reached XP level 3. HP: 10/16 MP: 5/8
  1766 | D:2      | Found a shattered altar of Ashenzari.
  2109 | D:3      | Found a stormy altar of Qazlal.
  2241 | D:3      | Found a sparkling altar of Nemelex Xobeh.
  2326 | D:3      | Reached XP level 4. HP: 21/21 MP: 7/10
  2361 | D:3      | Learned a level 3 spell: Confuse
  2365 | D:3      | Learned a level 3 spell: Dazzling Spray
  2415 | D:3      | Noticed Grinder
  2477 | D:3      | Killed Grinder
  2477 | D:3      | Reached skill level 6 in Stealth
  2477 | D:3      | Reached skill level 5 in Hexes
  2477 | D:3      | Reached XP level 5. HP: 5/24 MP: 6/12
  2477 | D:3      | Reached XP level 6. HP: 6/28 MP: 6/13
  2723 | D:3      | Found a snail-covered altar of Cheibriados.
  2865 | D:3      | Reached skill level 5 in Dodging
  3062 | D:4      | Found a glowing golden altar of the Shining One.
  3065 | D:4      | Became a worshipper of the Shining One
  3069 | D:4      | Fell from the grace of the Shining One
  3145 | D:4      | Killed from afar by an orc priest

Vault maps used:
D:1:      tarquinn_simple_flora_water_a, chequers_serial_rivers_micro_c
D:2:      evilmike_ruin_ashenzari, fedhas_altar_3, first_ration
D:3:      lemuel_crystal_altar, old_standard_altar, lemuel_round_altar,
          uniq_grinder
D:4:      kennysheep_mini_moat, grunt_gozag_statues, kennysheep_big_empty_room,
          fountainhead, kennysheep_small_square

Skill      XL: |  1  2  3  4  5  6 |
---------------+-------------------+-----
Stealth        | 5 6 |  6.9
Spellcasting   | 3 4 |  4.6
Hexes          | 4 5 |  5.3
Short Blades   | 2 |  2.5
Dodging        | 4 5 |  5.4

Action                   |  1- 3 |  4- 6 || total
-------------------------+-------+-------++-------
Melee: Dagger            |   107 |    47 ||   154
 Cast: Corona            |     6 |       ||     6
       Ensorcelled Hiber |    20 |     6 ||    26
       Confuse           |       |     6 ||     6
Invok: Renounce Religion |       |     1 ||     1
  Use: Scroll            |       |     9 ||     9
 Stab: Sleeping          |    19 |     9 ||    28
       Distracted        |     1 |       ||     1
       Confused          |       |     5 ||     5
  Eat: Ration            |     2 |     1 ||     3
Armor: Robe              |    14 |     2 ||    16
Dodge: Dodged            |   106 |    34 ||   140

Table legend:
 A = Non-vault XP
 B = Vault XP
 C = Vault XP percentage of total XP
 D = Non-vault monster count
 E = Vault monster count
 F = Vault count percentage of total count
                 A         B        C        D         E       F
            +---------+---------+-------+---------+---------+-------
      Total |     341 |     267 |  43.9 |      58 |       1 |   1.7
            +---------+---------+-------+---------+---------+-------
        D:1 |      14 |       0 |   0.0 |      10 |       0 |   0.0
        D:2 |      60 |       0 |   0.0 |      22 |       0 |   0.0
        D:3 |      60 |     267 |  81.7 |      20 |       1 |   4.8
        D:4 |     207 |       0 |   0.0 |       6 |       0 |   0.0
            +---------+---------+-------+---------+---------+-------
